 Dungeon Crawl Stone Soup version 0.28-a0-863-g8cecda6153 (webtiles) character file.

Game seed: 12704503425287755186

135 Peloso the Covered (level 4, -5/40 HPs)
             Began as a Minotaur Fighter on Nov 17, 2021.
             Slain by an iguana (8 damage)
             ... on level 3 of the Dungeon.
             The game lasted 00:03:57 (2040 turns).

Peloso the Covered (Minotaur Fighter)               Turns: 2040, Time: 00:03:57

Health: -5/40      AC:  8    Str: 20    XL:     4   Next: 96%
Magic:  3/3        EV: 10    Int:  5    God:
Gold:   76         SH:  4    Dex: 11    Spells: 3/3 levels left

rFire   + . .      SeeInvis .   a - +1 long sword
rCold   . . .      Faith    .   c - +0 buckler
rNeg    . . .      Spirit   .   n - +1 scale mail {rF+}
rPois   .          Reflect  .   (helmet restricted)
rElec   .          Harm     .   (no cloak)
rCorr   .          Rampage  .   (no gloves)
Will    .....                   (no boots)
Stlth   ..........              (no amulet)
HPRegen 0.13/turn               (no ring)
MPRegen 0.08/turn               (no ring)

@: mighty
A: horns 2, retaliatory headbutt
a: no special abilities


You were on level 3 of the Dungeon.
You visited 1 branch of the dungeon, and saw 3 of its levels.

You collected 76 gold pieces.

Inventory:

Hand Weapons
 a - a +1 long sword (weapon)
Armour
 b - a +0 scale mail
 c - a +0 buckler (worn)
 n - a +1 scale mail of fire resistance (worn)
Wands
 m - a wand of polymorph (10)
Potions
 j - a potion of magic
 l - a potion of brilliance


   Skills:
 + Level 4.2 Fighting
 + Level 4.2 Long Blades
 + Level 4.6 Armour
 + Level 0.9 Dodging
 + Level 4.3 Shields


You had 3 spell levels left.
You didn't know any spells.
Your spell library was empty.

Dungeon Overview and Level Annotations

Branches:
Dungeon (3/15)

Altars:
Fedhas
Kikubaaqudgha
Makhleb
Ru
Xom
The Shining One


Innate Abilities, Weirdness & Mutations

You have a pair of horns on your head.
You reflexively headbutt those who attack you in melee.


Message History

Terence hits you with a +0 short sword.
You closely miss Terence.
Terence is lightly wounded.
The jackal closely misses you. You block the orc's attack.
Terence completely misses you. You block the jackal's attack.
Unknown command.
You hit Terence.
Terence is moderately wounded.
You hear the slow rusting of a drain very nearby.
You block the jackal's attack. You block the orc's attack.
Terence hits you with a +0 short sword!
* * * LOW HITPOINT WARNING * * *
The rat bites you but does no damage. The jackal closely misses you.
You closely miss the rat. You headbutt the rat.
You kill the rat!
The orc closely misses you. You furiously retaliate!
You headbutt the orc. Terence hits you but does no damage.
The jackal closely misses you. You furiously retaliate!
You headbutt the jackal!
You kill the jackal!
Unknown command.
You see here a rat corpse.
You barely miss the orc. Your headbutt misses the orc.
The orc is almost dead.
You block the orc's attack. Terence shouts, "Now you die!"
The iguana hisses menacingly.
You block the orc's attack.
You hit the orc.
You kill the orc!
Terence barely misses you. You furiously retaliate!
You headbutt Terence!
You kill Terence!
Your Long Blades skill increases to level 4!
You hit the iguana.
The iguana is moderately wounded.
The iguana bites you.
* * * LOW HITPOINT WARNING * * *
You barely miss the iguana.
The iguana is moderately wounded.
You block the iguana's attack. The iguana bites you!
You die...

#### #... #... #..# #..#
#..## ######...#
...>....## ###.###@#
.#### #.#l# ..#.#.
#.#.w## #.#.#.#. #....#
...#.#.#.
#.#.#.'##+..#.#.#.#.
#.#.#.#.....#.#.#.#.#.
#.#.#.#.#.#.#.#.#S#.#.#
#.#.#.#.#.#.#.#.#.#.#.#.
##.#.#.#.#.#.#.#.#.#.#.#


You could see a worm and an iguana.

Vanquished Creatures
  Ijyb (D:3)
  Terence (D:3)
  3 adders (D:2)
  A gnoll (D:1)
  A dart slug (D:1)
  An orc (D:3)
  4 ball pythons
  An endoplasm (D:3)
  2 giant cockroaches (D:2)
  A goblin (D:1)
  5 hobgoblins (D:1)
  4 jackals (D:3)
  5 kobolds (D:1)
  A quokka (D:1)
  4 bats
  2 frilled lizards
  7 rats
44 creatures vanquished.

Vanquished Creatures (collateral kills)
  A giant cockroach (D:3)
  A ball python (D:3)
2 creatures vanquished.

Grand Total: 46 creatures vanquished

Notes
Turn   | Place    | Note
-------+----------+-------------------------------------------
     0 | D:1      | Peloso the Minotaur Fighter began the quest for the Orb.
     0 | D:1      | Reached XP level 1. HP: 19/19 MP: 0/0
   131 | D:1      | Reached XP level 2. HP: 27/27 MP: 1/1
   143 | D:1      | You fall into a shaft and drop 1 floor!
   559 | D:2      | Reached XP level 3. HP: 14/33 MP: 2/2
   842 | D:2      | Found a faded altar of an unknown god.
  1663 | D:1      | Reached XP level 4. HP: 40/40 MP: 3/3
  1888 | D:3      | Noticed Ijyb
  1903 | D:3      | Killed Ijyb
  1958 | D:3      | Found a blossoming altar of Fedhas.
  1958 | D:3      | Found a sacrificial altar of Ru.
  1966 | D:3      | Found an ancient bone altar of Kikubaaqudgha.
  1966 | D:3      | Found a burning altar of Makhleb.
  1966 | D:3      | Found a shimmering altar of Xom.
  1970 | D:3      | Found a glowing golden altar of the Shining One.
  2009 | D:3      | Noticed Terence
  2037 | D:3      | Killed Terence
  2039 | D:3      | HP: 2/40 [iguana (5)]
  2040 | D:3      | Slain by an iguana

Illustrated notes

Levels and vault maps discovered:
D:1:      denvon_arrival_hothouse, layout_loops_ring, minivault_4,
          kennysheep_nondescript, grunt_decor_resistance, serial_park_tiny_pond
D:2:      layout_basic, shapermc_ecumenical_altar_starsandcircs
D:3:      layout_basic, elyvilon_altar_3, minitemple, gup_sewer_entry_bowl,
          grunt_ministairs_13, uniq_ijyb, uniq_terence

Skill      XL: |  1  2  3  4 |
---------------+-------------+-----
Fighting       | 4 |  4.2
Armour         | 4 |  4.6
Long Blades    | 3 4 |  4.2
Shields        | 4 |  4.3
Dodging        | |  0.9

Action                   |  1- 3 |  4- 6 || total
-------------------------+-------+-------++-------
Melee: Long sword        |    59 |    31 ||    90
       Headbutt          |     7 |     2 ||     9
  Use: Scroll            |       |     7 ||     7
       Potion            |       |     1 ||     1
Armor: Scale mail        |    21 |    14 ||    35
       Skin              |       |     2 ||     2
Dodge: Dodged            |    26 |    21 ||    47
Block: Buckler           |     8 |    15 ||    23

Table legend: (Time is in decaauts)
 A = Elapsed time spent in this place.
 B = Non-inter-level travel time spent in this place.
 C = Inter-level travel time spent in this place.
 D = Time resting spent in this place.
 E = Time spent auto-exploring this place.
 F = Levels seen in this place.
 G = Mean time per level.
                   A        B        C        D        E       F      G
               +--------+--------+--------+--------+--------+-----+--------+
         Total |   2063 |   1957 |    106 |      3 |   1554 |   3 |  687.7 |
       Dungeon |   2063 |   1957 |    106 |      3 |   1554 |   3 |  687.7 |
               +--------+--------+--------+--------+--------+-----+--------+

Top non-repeatable levels by time:
     D:2: 1038 daAuts
     D:1: 863 daAuts
     D:3: 161 daAuts
